 Dungeon Crawl Stone Soup version 0.28.0 (webtiles) character file.

Game seed: 17439386228035821154

16139 Amplified the Fighter (level 12, -4/115 HPs)
             Began as a Minotaur Fighter on Feb 9, 2022.
             Was an Elder of Wu Jian.
             Killed from afar by an ice statue (22 damage)
             ... with a freezing blast
             ... on level 1 of the Lair of Beasts.
             The game lasted 00:16:32 (11498 turns).

Amplified the Fighter (Minotaur Fighter)           Turns: 11498, Time: 00:16:33

Health: -4/115     AC: 15    Str: 23    XL:     12   Next: 7%
Magic:  11/11      EV: 13    Int:  7    God:    Wu Jian [****..]
Gold:   767        SH:  6    Dex: 11    Spells: 11/11 levels left

rFire   . . .      SeeInvis .   a - +1 war axe (venom)
rCold   . . .      Faith    +   c - +0 buckler
rNeg    . . .      Spirit   .   C - +0 troll leather armour
rPois   .          Reflect  .   (helmet restricted)
rElec   .          Harm     .   t - +1 cloak
rCorr   .          Rampage  .   s - +2 pair of gloves
Will    .....                   f - +2 pair of boots
Stlth   +.........              y - amulet of faith
HPRegen 1.09/turn               K - +4 ring of slaying
MPRegen 0.12/turn               (no ring)

@: very slow
A: horns 2, retaliatory headbutt
a: Renounce Religion, Wall Jump, Serpent's Lash


You were on level 1 of the Lair of Beasts.
You worshipped Wu Jian.
Wu Jian was greatly pleased with you.
You visited 2 branches of the dungeon, and saw 13 of its levels.

You collected 932 gold pieces.
You spent 165 gold pieces at shops.

Inventory:

Hand Weapons
 a - a +1 war axe of venom (weapon)
 v - a +2 whip of flaming
 D - a +3 flail of venom
Missiles
 u - 13 poisoned darts (quivered)
Armour
 c - a +0 buckler (worn)
 f - a +2 pair of boots (worn)
 s - a +2 pair of gloves (worn)
 t - a +1 cloak (worn)
 C - a +0 troll leather armour (worn)
 J - the +1 leather armour of the Slightly Bent {rC+}
   (You found it on level 11 of the Dungeon)

   rC:        It protects you from cold.
Jewellery
 y - an amulet of faith (around neck)
 K - a +4 ring of slaying (left hand)
Wands
 d - a wand of polymorph (7)
 o - a wand of digging (2)
 p - a wand of iceblast (6)
 E - a wand of flame (10)
Scrolls
 b - a scroll of amnesia
 g - a scroll of fog
 h - a scroll of holy word
 i - 3 scrolls of teleportation
 j - 6 scrolls of enchant weapon
 k - a scroll of magic mapping
 n - 4 scrolls of fear
 G - a scroll of torment
 H - a scroll of brand weapon
Potions
 e - a potion of cancellation
 l - 5 potions of attraction
 m - a potion of ambrosia
 q - a potion of lignification
 r - 2 potions of mutation
 x - 3 potions of curing
 z - 2 potions of might
 A - a potion of haste
 I - a potion of flight


   Skills:
 * Level 13.0 Fighting
 * Level 12.9 Axes
 + Level 9.8 Armour
 * Level 6.9 Dodging
 - Level 11.0 Shields


You had 11 spell levels left.
You didn't know any spells.
Your spell library contained the following spells:

 Spells                   Type           Power      Damage    Failure   Level
 Ensorcelled Hibernation  Hex/Ice        0%         N/A       67%         2
 Gell's Gravitas          Tloc           0%         N/A       88%         3
 Spider Form              Tmut/Pois      0%         N/A       88%         3
 Teleport Other           Tloc           0%         N/A       88%         3
 Anguish                  Hex/Necr       0%         N/A       99%         4
 Cause Fear               Hex            0%         N/A       99%         4
 Olgreb's Toxic Radiance  Pois           0%         N/A       99%         4
 Fireball                 Conj/Fire      0%         3d3       100%        5
 Iskenderun's Battlesphe  Conj           0%         2d6       100%        5
 Conjure Ball Lightning   Conj/Air       0%         3x3d6     100%        6
 Dispersal                Tloc           0%         N/A       100%        6
 Dragon Form              Tmut           0%         N/A       100%        7
 Orb of Destruction       Conj           0%         9d5       100%        7
 Ozocubu's Refrigeration  Ice            0%         4d5       100%        7
 Ignition                 Fire           0%         3d3       100%        8
 Dragon's Call            Summ           0%         N/A       100%        9


Dungeon Overview and Level Annotations

Branches:
Dungeon (12/15)            Temple (0/1) D:5            Lair (1/6) D:8
    Orc (0/2) D:9

Altars:
Ru
Trog
Wu Jian
Beogh

Shops:
D:4 [   D:8 (

Annotations:
D:9 3 runed translucent doors, Thargor's ghost, journeyman DjFE
Lair:1 exclusion: ice statue


Innate Abilities, Weirdness & Mutations

You have a pair of horns on your head.
You reflexively headbutt those who attack you in melee.


Message History

You slice the ice statue!!
The ice statue is severely damaged.
You hit the ice beast.
The ice beast hits you but does no damage.
The ice statue gestures at you. The bolt of cold hits you!!
You hit the ice statue but do no damage.
You headbutt the ice statue.
The ice statue is severely damaged.
You slice the ice beast!! You block the ice beast's attack.
The ice statue gestures at you. The freezing blast engulfs you!
You slash the ice statue!
The ice statue is almost destroyed.
You hit the ice beast.
You are engulfed in freezing vapours.
The ice beast hits you. The ice beast freezes you!
Unknown command.
You spin and attack the ice beast.
You barely miss the ice beast.
The ice beast is almost dead.
You are engulfed in freezing vapours.
* * * LOW HITPOINT WARNING * * *
The ice statue gestures.
You block the ice beast's attack.
You see here a +0 leather armour.
Unknown command.
Okay, then.
Okay, then.
Okay, then.
You enter the shallow water.
Moving in this stuff is going to be slow.
The ice statue gestures at you. The shard of ice hits you!
* * * LOW HITPOINT WARNING * * *
You block the ice beast's attack.
Unknown command.
Unknown command.
You feel better. The ice statue gestures at you.
The freezing blast engulfs you!!
You die...

#.## #.≈≈≈## #..#
#..≈≈≈# #.## #.≈≈≈≈##
#.# #.≈≈≈≈P #.#
#.≈≈≈≈## #.###
#..≈≈≈≈# #...#
#..≈≈≈≈## #...#
#..○@≈≈≈# #...#
#☼.[Y≈≈≈# #...#
#°○°≈≈≈≈# ##...#
#8°Y.≈≈≈# #....##
#$...≈≈≈### ##.....
#/...≈≈≈..#####......
#|...≈≈≈..††.......##
#[∩..≈≈≈..####.#...#
#|...≈≈≈..# ##...##


You could see an ice statue and 2 ice beasts.

Vanquished Creatures
  Josephine (D:11)
  A two-headed ogre (D:10)
  A death yak (Lair:1)
  A bog body (Lair:1)
  Joseph (D:10)
  2 cane toads (Lair:1)
  A gargoyle (D:10)
  A komodo dragon (Lair:1)
  3 ice devils (Lair:1)
  A kobold demonologist (D:11)
  An unseen horror (D:11)
  An entropy weaver simulacrum (Lair:1)
  3 trolls
  2 polar bears (Lair:1)
  Sigmund (D:2)
  4 wraiths
  14 yaks
  A shadow (D:10)
  2 wyverns
  A steam dragon (D:7)
  A harpy simulacrum (Lair:1)
  An acid dragon (D:10)
  4 water moccasins
  3 sky beasts
  6 orc warriors
  4 ogres
  2 necrophages (D:7)
  5 centaurs
  A kobold brigand (D:7)
  9 bullfrogs
  A cane toad simulacrum (Lair:1)
  A gnoll sergeant (D:9)
  A wyvern zombie (D:8)
  4 wights (D:8)
  13 electric eels
  7 howler monkeys
  5 centaur zombies
  A bullfrog zombie (D:6)
  A gnoll shaman (D:9)
  12 orc priests
  4 bullfrog skeletons
  7 hounds
  Jessica (D:3)
  3 iguanas
  14 orc wizards
  3 killer bee zombies
  2 centaur simulacra (D:8)
  2 hound skeletons
  A killer bee simulacrum (D:8)
  2 howler monkey zombies
  11 gnolls
  6 adders
  A shadow imp (D:6)
  5 white imps
  3 ufetubi
  2 adder skeletons (D:4)
  8 dart slugs
  44 orcs
  6 endoplasms
  2 giant cockroaches (D:2)
  3 goblins
  9 hobgoblins
  11 jackals
  11 kobolds
  4 quokkas
  8 ball pythons
  5 bats
  3 frilled lizards
  A jackal skeleton (D:4)
  5 rats
312 creatures vanquished.

Vanquished Creatures (others)
  An orc (D:6)
  11 plants (D:6)
12 creatures vanquished.

Grand Total: 324 creatures vanquished

Notes
Turn   | Place    | Note
-------+----------+-------------------------------------------
     0 | D:1      | Amplified the Minotaur Fighter began the quest for the Orb.
     0 | D:1      | Reached XP level 1. HP: 19/19 MP: 0/0
   140 | D:1      | Reached XP level 2. HP: 24/27 MP: 1/1
   452 | D:1      | You fall into a shaft and drop 1 floor!
   590 | D:2      | Noticed a shining eye
   592 | D:2      | Reached XP level 3. HP: 33/33 MP: 2/2
   729 | D:2      | Reached skill level 4 in Fighting
  1274 | D:2      | Noticed Sigmund
  1299 | D:3      | Reached XP level 4. HP: 35/40 MP: 3/3
  1717 | D:3      | Reached skill level 5 in Shields
  1792 | D:4      | Noticed a water moccasin
  1968 | D:4      | Killed a water moccasin
  1969 | D:4      | Reached XP level 5. HP: 40/47 MP: 4/4
  2166 | D:4      | Found Qiukic's Armour Emporium.
  2184 | D:4      | Bought a +2 pair of boots for 165 gold pieces
  2199 | D:4      | Reached XP level 6. HP: 55/55 MP: 5/5
  2228 | D:4      | Reached skill level 5 in Fighting
  2829 | D:3      | Reached skill level 5 in Axes
  2870 | D:3      | Noticed Jessica
  2874 | D:3      | Killed Jessica
  3044 | D:2      | Killed Sigmund
  3045 | D:2      | Reached XP level 7. HP: 42/62 MP: 6/6
  3220 | D:2      | Noticed a golden eye
  3222 | D:2      | Found a faded altar of an unknown god.
  3223 | D:2      | Noticed a golden eye
  3223 | D:2      | Noticed an eye of devastation
  3409 | D:2      | Prayed at the altar of an unknown god.
  3409 | D:2      | Became a worshipper of the Wu Jian Council
  3409 | D:2      | Reached * piety under Wu Jian
  3456 | D:5      | Entered Level 5 of the Dungeon
  3468 | D:5      | Reached skill level 6 in Fighting
  3468 | D:5      | Reached skill level 5 in Armour
  3492 | D:5      | Noticed a wyvern
  3506 | D:5      | Killed a wyvern
  3507 | D:5      | Reached XP level 8. HP: 26/71 MP: 7/7
  3729 | D:5      | Found a staircase to the Ecumenical Temple.
  3752 | D:5      | Reached skill level 7 in Fighting
  4970 | D:6      | Reached skill level 8 in Fighting
  4999 | D:6      | Reached XP level 9. HP: 78/81 MP: 8/8
  5075 | D:6      | Reached ** piety under Wu Jian
  6726 | D:7      | Reached skill level 9 in Fighting
  7394 | D:8      | Reached skill level 10 in Shields
  7495 | D:8      | Noticed a troll
  7502 | D:8      | Killed a troll
  7502 | D:8      | Reached *** piety under Wu Jian
  7503 | D:8      | Reached XP level 10. HP: 67/92 MP: 9/9
  7633 | D:8      | Found a staircase to the Lair.
  7733 | D:8      | Reached skill level 10 in Fighting
  7741 | D:8      | Reached skill level 10 in Axes
  7751 | D:8      | Found a bloodstained altar of Trog.
  7779 | D:8      | Found Ykhey's Antique Weapon Boutique.
  8180 | D:9      | Reached **** piety under Wu Jian
  8221 | D:9      | Found a staircase to the Orcish Mines.
  8240 | D:9      | Reached skill level 1 in Dodging
  8397 | D:9      | Found a runed translucent gate.
  8397 | D:9      | Noticed a harpy
  8397 | D:9      | Noticed Thargor's ghost (journeyman DjFE)
  8398 | D:9      | Found a runed translucent gate.
  8398 | D:9      | Found a runed translucent gate.
  8813 | D:10     | Entered Level 10 of the Dungeon
  9006 | D:10     | Noticed a two-headed ogre
  9010 | D:10     | Killed a two-headed ogre
  9011 | D:10     | Reached skill level 11 in Fighting
  9057 | D:10     | Noticed Joseph
  9076 | D:10     | Killed Joseph
  9077 | D:10     | Reached XP level 11. HP: 53/102 MP: 10/10
  9952 | D:11     | Identified the +1 leather armour of the Slightly Bent {rC+}
 10232 | D:11     | Noticed Josephine
 10263 | D:11     | Killed Josephine
 10264 | D:11     | Reached skill level 12 in Fighting
 10264 | D:11     | Reached skill level 5 in Dodging
 10806 | D:11     | Found a sacrificial altar of Ru.
 10906 | D:11     | Found a bloodstained altar of Trog.
 11060 | Lair:1   | Entered Level 1 of the Lair of Beasts
 11276 | Lair:1   | Identified a scroll of acquirement
 11277 | Lair:1   | Acquired a +4 ring of slaying
 11382 | Lair:1   | Noticed a bog body
 11382 | Lair:1   | Noticed a death yak
 11396 | Lair:1   | Killed a bog body
 11402 | Lair:1   | Killed a death yak
 11417 | Lair:1   | Reached XP level 12. HP: 59/113 MP: 11/11
 11428 | Lair:1   | Reached skill level 13 in Fighting
 11498 | Lair:1   | Killed from afar by an ice statue

Illustrated notes

Levels and vault maps discovered:
D:1:      dpeg_arrival_stonehenge_12_columns, layout_loops_ring
D:2:      layout_basic, hellmonk_ecumenical_altar_watching_god, minivault_14,
          kennysheep_boxes, uniq_sigmund
D:3:      minmay_general_purpose_star, layout_basic, uniq_jessica
D:4:      nicolae_cairo_tiling_very_big, layout_rooms, serial_shops,
          nicolae_stop_n_shop_1, chequers_serial_rivers_marsh,
          chequers_serial_rivers_micro_b
D:5:      layout_cave_pods, minmay_temple_entry_ruins,
          hangedman_abyss_or_decor_passed
D:6:      layout_gridville, serial_bayou_lake_a
D:7:      layout_basic
D:8:      layout_basic, mainiacjoe_overflow_six_doors_small, erik_lair_island,
          serial_shops, shop, serial_ice, serial_ice_l, serial_ice_h,
          serial_ice_c, serial_ice_a, serial_ice_e
D:9:      layout_roguey, erik_orc_3, gammafunk_ghost_split,
          david_defended_altar_orc
D:10:     minmay_goldmine, layout_basic, uniq_joseph
D:11:     layout_cave_pods, columned_hall_lemuel, kennysheep_flooded_box,
          nicolae_ru_path_of_blood, uniq_josephine
D:12:     layout_big_octagon
Lair:1:   dreamdust_isle_of_ice, layout_small_grid,
          nicolae_quartered_pool_little

Skill      XL: |  1  2  3  4  5  6  7  8  9 10 11 12 |
---------------+-------------------------------------+-----
Shields        | 4 5 6 7 8 10 11 | 11.0
Axes           | 3 4 5 6 7 9 11 12 | 12.9
Fighting       | 4 5 6 8 9 11 12 13 | 13.0
Armour         | 4 5 6 7 8 9 |  9.8
Dodging        | 3 6 |  6.9

Action                   |  1- 3 |  4- 6 |  7- 9 | 10-12 || total
-------------------------+-------+-------+-------+-------++-------
Melee: War axe           |    73 |    32 |   268 |   359 ||   732
       Headbutt          |     7 |    16 |    54 |    78 ||   155
       Short sword       |       |    61 |       |       ||    61
Invok: Lunge             |       |       |    15 |    19 ||    34
       Whirlwind         |       |       |     4 |     4 ||     8
       Serpent's Lash    |       |       |       |     9 ||     9
Evoke: Wand              |       |       |    13 |    16 ||    29
  Use: Potion            |       |     7 |     2 |     6 ||    15
       Scroll            |       |    10 |     7 |    11 ||    28
Armor: Scale mail        |    14 |       |       |       ||    14
       Plate armour      |    45 |    59 |   197 |     3 ||   304
       Skin              |       |       |     3 |       ||     3
       Troll leather arm |       |       |       |   120 ||   120
Dodge: Dodged            |    31 |    23 |    72 |   142 ||   268
Block: Buckler           |    27 |    12 |    74 |    88 ||   201
